 Dungeon Crawl Stone Soup version 0.30.1-11-g7821555f0a (webtiles) character file.

Game seed: 15307592988189094502

55 KittyFluff the Trooper (level 3, -3/24 HPs)
             Began as a Gargoyle Berserker on Nov 10, 2023.
             Was a Believer of Trog.
             Slain by a cerulean imp
             ... wielding a +1 spear
             ... summoned by Natasha
              (4 damage)
             ... on level 2 of the Dungeon.
             The game lasted 00:04:29 (959 turns).

KittyFluff the Trooper (Gargoyle Berserker)          Turns: 959, Time: 00:04:31

Health: -3/24      AC:  9    Str: 22    XL:     3   Next: 93%
Magic:  3/3        EV: 12    Int:  7    God:    Trog [**....]
Gold:   127        SH:  0    Dex: 15    Spells: 2/2 levels left

rFire   . . .        a - +0 mace
rCold   . . .        (no shield)
rNeg    + . .        n - +0 leather armour
rPois   ∞            l - +1 helmet
rElec   +            (no cloak)
rCorr   .            (no gloves)
SInv    .            f - +0 pair of boots
Will    .....        (no amulet)
Stlth   +            i - ring of flight
HPRegen 0.24/turn    s - +6 ring of dexterity
MPRegen 0.08/turn

%: no passive effects
@: flying, slowed, very slow
A: sickness immunity, AC +3, negative energy resistance 1, electricity
resistance, torment resistance 1, petrification resistance
a: Renounce Religion, Berserk, Trog's Hand


You were on level 2 of the Dungeon.
You worshipped Trog.
Trog was pleased with you.
You visited 1 branch of the dungeon, and saw 2 of its levels.

You collected 127 gold pieces.

Inventory:

Hand Weapons
 a - a +0 mace (weapon)
Missiles
 j - 7 poisoned darts (quivered)
Armour
 f - a +0 pair of boots (worn)
 l - a +1 helmet (worn)
 n - a +0 leather armour (worn)
Jewellery
 i - a ring of flight (left hand)
 s - a +6 ring of dexterity (right hand)
Scrolls
 c - a scroll of enchant armour {unknown}
 e - a scroll of fear {unknown}
 g - a scroll of teleportation {unknown}
 k - a scroll of blinking {unknown}
 o - a scroll of identify {unknown}
 q - a scroll of magic mapping {unknown}
Potions
 b - a potion of invisibility {unknown}
 d - 2 potions of flight {unknown}
 h - a potion of berserk rage {unknown}
 m - 2 potions of mutation {unknown}
 p - a potion of curing {unknown}
 r - a potion of degeneration {unknown}


   Skills:
 + Level 3.8 Fighting
 + Level 3.4 Maces & Flails
 + Level 3.0 Armour
 + Level 2.1 Dodging


You had 2 spell levels left.
You didn't know any spells.
Your spell library was empty.

Dungeon Overview and Level Annotations

Branches:
Dungeon (2/15)

Altars:

Annotations:
D:2 Natasha


Innate Abilities, Weirdness & Mutations

You are immune to sickness and miasma.
Your stone body is resilient. (AC +3)
You are immune to poison.
You resist negative energy. (rN+)
You are resistant to electric shocks. (rElec)
You are resistant to unholy torment.
You are immune to petrification.


Message History

The hobgoblin shouts!
The cerulean imp hits you but does no damage.
Natasha stares at you and mumbles some strange words.
You feel yourself slow down. The cerulean imp misses you.
You closely miss the cerulean imp.
The cerulean imp hits you but does no damage.
The cerulean imp closely misses you.
The cerulean imp hits you but does no damage.
Natasha stares at you and mumbles some strange words.
You feel as though you will be slow longer.
You hit the cerulean imp.
The cerulean imp is moderately wounded.
The cerulean imp hits you but does no damage. x2
Natasha misses you.
The cerulean imp hits you from afar with a +2 spear.
The cerulean imp hits you but does no damage.
Natasha casts a spell.
Natasha attacks as you move away! Natasha claws you.
The hobgoblin barely misses you. The cerulean imp closely misses you.
The hobgoblin hits you but does no damage.
Natasha attacks as you move away! Natasha claws you.
The hobgoblin attacks as you move away! The hobgoblin barely misses you.
The cerulean imp misses you. Natasha claws you!
* * * LOW HITPOINT WARNING * * *
The cerulean imp hits you from afar with a +1 spear.
* * * LOW HITPOINT WARNING * * *
The hobgoblin barely misses you.
The cerulean imp hits you but does no damage.
You barely miss the hobgoblin. The hobgoblin barely misses you.
The cerulean imp hits you but does no damage.
Natasha mumbles some strange words.
You feel disoriented.
The hobgoblin hits you but does no damage.
You completely miss the hobgoblin.
The cerulean imp hits you from afar with a +1 spear.
* * * LOW HITPOINT WARNING * * *
The hobgoblin hits you.
* * * LOW HITPOINT WARNING * * *
The cerulean imp hits you from afar with a +1 spear.
You die...

#....# ..#
#...#####.###.....##
###...# ...:.........
#....## ............ #.####
.....>..... #.# .:........
#.# #.........
######.###########5........
#.......#.......@gh5.......
#.........#########........
#..)....### ##.....##
#.......# ###### #.......#
#########


You could see Natasha, 2 cerulean imps and a hobgoblin.

Vanquished Creatures
  An adder (D:2)
  2 worms
  8 endoplasms
  A giant cockroach (D:2)
  A goblin (D:1)
  5 hobgoblins
  6 kobolds
  3 quokkas
  A ball python (D:1)
  4 bats
  A frilled lizard (D:1)
  3 rats
36 creatures vanquished.

Notes
Turn   | Place    | Note
-------+----------+-------------------------------------------
     0 | D:1      | KittyFluff the Gargoyle Berserker began the quest for the
                  | Orb.
     0 | D:1      | Reached XP level 1. HP: 14/14 MP: 1/1
   156 | D:1      | Found a faded altar of an unknown god.
   230 | D:1      | Reached XP level 2. HP: 19/19 MP: 2/2
   395 | D:1      | Reached ** piety under Trog
   403 | D:1      | Reached XP level 3. HP: 23/23 MP: 3/3
   948 | D:2      | Noticed Natasha
   959 | D:2      | HP: 1/24 [hobgoblin (1)]
   959 | D:2      | Slain by a cerulean imp

Illustrated notes

Levels and vault maps discovered:
D:1:      dpeg_arrival_brainrot, layout_rooms, hellmonk_ecumenical_altar_zigzags
D:2:      layout_rooms, minmay_increasing_density, uniq_natasha

Skill      XL: |  1  2  3 |
---------------+----------+-----
Dodging        | 2 |  2.1
Armour         | 3 |  3.0
Fighting       | |  3.8
Maces & Flails | |  3.4

Action                     || total
---------------------------++-------
  Melee: Mace              ||   107
         Punch             ||     4
 Armour: Animal skin       ||    27
         Leather armour    ||    25
  Dodge: Dodged            ||    81
